cohdb
Replays
Latest Replays
All Replays
Popular Replays
Top Player Replays
Match Explorer
How It Works
Community
CoH3 Stats
Reddit
Sign in to upload your games and track your stats! →
Sign in with Steam
Match 39115924
Unlisted
Match 39115924
Overview
Messages
Build Orders
End
Construct Infanterie Kompanie
Kettenkrad Recon Vehicle
Selects Mechanized Battlegroup
Grenadier Squad
Grenadier Squad
Grenadier Squad
Infanterie Officer Quarters
Medical Station
Sniper
Construct Luftwaffe Kompanie
Selects Raid Package
Sniper
Luftwaffe Officer Quarters
Selects StuG Assault Group
StuG Assault Group
Hold Dig Stiv
XuZhongwei
0
0
Comments
sign in to comment!
No comments posted yet!